 Dungeon Crawl Stone Soup version 0.27.1 (webtiles) character file.

Game seed: 858811343470850821

28 Sabo the Skirmisher (level 3, -1/29 HPs)
             Began as a Demonspawn Fighter on Aug 26, 2021.
             Slain by a worm (6 damage)
             ... on level 2 of the Dungeon.
             The game lasted 00:03:05 (1057 turns).

Sabo the Skirmisher (Demonspawn Fighter)            Turns: 1057, Time: 00:03:06

Health: -1/29      AC:  8    Str: 17    XL:     3   Next: 0%
Magic:  3/3        EV:  7    Int:  9    God:
Gold:   76         SH:  9    Dex: 12    Spells: 2/2 levels left

rFire    . . .     SeeInvis .   a - +0 war axe
rCold    . . .     Faith    .   c - +0 kite shield
rNeg     . . .     Spirit   .   b - +0 scale mail
rPois    .         Reflect  .   (no helmet)
rElec    .         Harm     .   (no cloak)
rCorr    .         Rampage  .   (no gloves)
Will     .....                  (no boots)
Stlth    ..........             (no amulet)
HPRegen  0.09/turn              (no ring)
MPRegen  0.08/turn              (no ring)

@: no status effects
A: icy blue scales 1
a: no special abilities


You were on level 2 of the Dungeon.
You visited 1 branch of the dungeon, and saw 2 of its levels.

You collected 76 gold pieces.

Inventory:

Hand Weapons
 a - a +0 war axe (weapon)
Armour
 b - a +0 scale mail (worn)
 c - a +0 kite shield (worn)
Scrolls
 f - a scroll of noise {unknown}
 g - a scroll of teleportation {unknown}
 h - a scroll of enchant armour {unknown}
Potions
 d - a potion of might
 e - a potion of ambrosia {unknown}
 i - a potion of flight {unknown}


   Skills:
 + Level 3.2 Fighting
 + Level 2.2 Axes
 + Level 2.7 Armour
 + Level 0.1 Dodging
 + Level 3.2 Shields


You had 2 spell levels left.
You didn't know any spells.
Your spell library was empty.

Dungeon Overview and Level Annotations

Branches:
Dungeon (2/15)

Altars:


Innate Abilities, Weirdness & Mutations

You are partially covered in icy blue scales. (AC +2)


Message History

The adder bites you but does no damage.
You closely miss the adder. The adder bites you but does no damage.
You block the adder's attack.
You closely miss the adder. You block the adder's attack.
The adder barely misses you.
You miss the adder. The adder bites you but does no damage.
You block the adder's attack.
Your shield prevents you from hitting the adder.
You barely miss the worm. The adder bites you. You block the adder's attack.
The worm closely misses you.
You miss the adder. You hit the worm. The adder bites you but does no damage.
The adder bites you. The worm bites you!
You closely miss the adder. You hit the worm but do no damage.
You block the adder's attack. The adder bites you but does no damage.
The worm bites you but does no damage.
Your shield and scale mail prevent you from hitting the adder.
You barely miss the worm. You block the adder's attack. The adder bites you.
* * * LOW HITPOINT WARNING * * *
You block the worm's attack. The adder bites you but does no damage.
You barely miss the adder.
Your shield and scale mail prevent you from hitting the worm.
You block the adder's attack. The worm barely misses you.
The adder barely misses you.
You hit the adder.
The adder is heavily wounded.
You slash the worm! You block the adder's attack. You block the worm's attack.
The adder barely misses you.
You hit the adder.
The adder is almost dead.
You hit the worm but do no damage. The adder bites you but does no damage.
You block the worm's attack. The adder bites you.
* * * LOW HITPOINT WARNING * * *
You closely miss the adder.
The adder is almost dead.
You hit the worm. The adder completely misses you.
The adder closely misses you. You block the worm's attack.
You barely miss the adder.
The adder is almost dead.
You hit the worm.
You block the adder's attack. x2; The worm bites you.
You die...

####...## #.# ##..# #.#
##.# #.# ##'## #.#
##...## #.# ##.....##
##.## ##...†...##
..####.S.####........>##
.......@....'.........+.
#.####.w.####.........##
##.## ##.......## ...#
##.....## #.### .....##
#w ####..# . # #..# ..
#.### #..#
.....##..#####


You could see a worm and an adder.

Vanquished Creatures
  A dart slug (D:1)
  A bat (D:1)
  2 endoplasms (D:1)
  3 giant cockroaches (D:1)
  3 jackals (D:1)
  3 quokkas
  4 ball pythons
  A frilled lizard (D:1)
  4 kobolds (D:1)
22 creatures vanquished.

Notes
Turn   | Place    | Note
-------+----------+-------------------------------------------
     0 | D:1      | Sabo the Demonspawn Fighter began the quest for the Orb.
     0 | D:1      | Reached XP level 1. HP: 18/18 MP: 1/1
   311 | D:1      | Gained mutation: You are partially covered in icy blue
                  | scales. (AC +2) [demonic ancestry]
   311 | D:1      | Reached XP level 2. HP: 24/24 MP: 2/2
   961 | D:2      | Reached XP level 3. HP: 22/29 MP: 3/3
  1057 | D:2      | Slain by a worm

Illustrated notes

Levels and vault maps discovered:
D:1:      dpeg_arrival_tiny_a, layout_rooms
D:2:      layout_loops_corners, serial_shops, shop

Skill      XL: |  1  2 |
---------------+-------+-----
Shields        | 3 |  3.2
Axes           | 2 |  2.2
Fighting       | |  3.2
Armour         | |  2.7
Dodging        | |  0.1

Action                   || total
-------------------------++-------
Melee: War axe           ||    76
Armor: Scale mail        ||    46
Dodge: Dodged            ||    34
Block: Kite shield       ||    46
